 Dungeon Crawl Stone Soup version 0.18-a0-1805-g8ab820f (webtiles) character file.

152 M4edhros the Sneak (level 5, -4/33 HPs)
             Began as an Octopode Artificer on Apr 25, 2016.
             Killed from afar by an orc wizard (9 damage)
             ... with a magic dart
             ... on level 3 of the Dungeon.
             The game lasted 00:01:48 (1911 turns).

M4edhros the Sneak (Octopode Artificer)             Turns: 1911, Time: 00:01:48

Health: -4/33      AC:  1    Str: 11    XL:     5   Next: 34%
Magic:  7/7        EV: 12    Int: 19    God:
Gold:   113        SH:  0    Dex: 13    Spells: 0 memorised, 4 levels left

rFire  . . .     SeeInvis .     a - +0 short sword
rCold  . . .     Gourm    .     (no shield)
rNeg   . . .     Faith    .     (helmet restricted)
rPois  .         Spirit   .     (no amulet)
rElec  .         Dismiss  .     (no ring)
rCorr  .         Reflect  .     (no ring)
SustAt .         Harm     .     (no ring)
MR     .....                    (no ring)
Stlth  +++++.....               (no ring)
                                (no ring)
                                (no ring)
                                (no ring)

@: brilliant, flying, not resistant to hostile enchantments, quite stealthy
A: almost no armour, amphibious, 8 rings, constrict 8, camouflage 1, gelatinous
body 1
a: no special abilities


You were on level 3 of the Dungeon.
You were hungry.

You visited 1 branch of the dungeon, and saw 3 of its levels.

You collected 113 gold pieces.

Inventory:

Hand Weapons
 a - a +0 short sword (weapon)
Missiles
 j - 14 sling bullets
Wands
 b - a wand of flame (14/48)
 c - a wand of enslavement (15/24)
 d - a wand of random effects (12/48)
Scrolls
 g - a scroll of fog {unknown}
 i - a scroll of recharging {unknown}
 k - 4 scrolls of identify {unknown}
 l - 2 scrolls of remove curse {unknown}
 n - a scroll of blinking {unknown}
 q - a scroll of random uselessness {unknown}
Potions
 e - a potion of flight
 p - a potion of heal wounds {unknown}
Comestibles
 f - 4 bread rations
 m - 2 slices of pizza
 r - a royal jelly


   Skills:
 - Level 1.0 Fighting
 - Level 1.0 Short Blades
 - Level 2.0 Dodging
 + Level 7.3 Stealth
 - Level 3.2 Evocations


You had 4 spell levels left.
You didn't know any spells.

Dungeon Overview and Level Annotations

Branches:
Dungeon (3/15)

Altars:
Cheibriados


Innate Abilities, Weirdness & Mutations

You cannot wear most types of armour.
You are amphibious.
You can wear up to eight rings at the same time.
You can use your tentacles to constrict eight enemies at once.
Your skin changes colour to match your surroundings (Stealth).
Your rubbery body absorbs attacks (AC +1).


Message History

The howler monkey barely misses you.
You hit the howler monkey.
You kill the howler monkey!
Your Stealth skill increases to level 7!
You have reached level 5!
You feel stronger.
The orc wizard gestures at you while chanting.
The magic dart hits you!
* * * LOW HITPOINT WARNING * * *
Drink which item? (? for menu, Esc to quit)
It was a potion of flight.
You feel very buoyant.
You fly up into the air.
The orc wizard hits you with a dagger.
* * * LOW HITPOINT WARNING * * *
Drink which item? (? for menu, Esc to quit)
It was a potion of brilliance.
You feel clever all of a sudden.
The orc wizard gestures at you while chanting.
The magic dart hits you!
You die...

ยง.....#..........#
#####.........##.#
#......o..##.#
#..)......##.#
#.........##.#
#.........##.#
#.........+..#
#.........##.#
#.........##@#
#.........oo)#
#.........####
#.#+#..#'##
.#.#.##.#.#
..........#
.#.#.##.########
................
####.##.########


You could see an orc wizard and an orc.

Vanquished Creatures
  A howler monkey (D:3)
  Jessica (D:3)
  3 adders
  A gnoll (D:1)
  2 giant geckos
  2 giant cockroaches (D:1)
  7 goblins
  6 hobgoblins
  2 jackals (D:1)
  2 quokkas (D:3)
  A ball python (D:1)
  8 bats
  2 giant newts
  8 kobolds
  6 rats
52 creatures vanquished.

Notes
Turn   | Place    | Note
--------------------------------------------------------------
     0 | D:1      | M4edhros the Octopode Artificer began the quest for the Orb.
     0 | D:1      | Reached XP level 1. HP: 13/13 MP: 3/3
    30 | D:1      | Reached skill level 2 in Stealth
   117 | D:1      | Reached XP level 2. HP: 18/18 MP: 4/4
   120 | D:1      | Reached skill level 3 in Stealth
   504 | D:1      | Reached skill level 4 in Stealth
   504 | D:1      | Reached XP level 3. HP: 13/23 MP: 5/5
  1305 | D:2      | Reached skill level 5 in Stealth
  1348 | D:2      | Reached XP level 4. HP: 22/28 MP: 6/6
  1409 | D:2      | Found a snail-covered altar of Cheibriados.
  1552 | D:3      | Noticed Jessica
  1555 | D:3      | Killed Jessica
  1555 | D:3      | Reached skill level 6 in Stealth
  1874 | D:3      | Noticed an orc warrior
  1886 | D:3      | an orc warrior changed into a howler monkey
  1909 | D:3      | Reached skill level 7 in Stealth
  1909 | D:3      | Reached XP level 5. HP: 21/33 MP: 7/7
  1911 | D:3      | Killed from afar by an orc wizard

Vault maps used:
D:1:      shiori_shiawase, st_stairs_14, minmay_vboxes
D:2:      lemuel_coloured_pillars_altar, lemuel_blue_sif_altar, bloody_trog,
          cheibriados_altar_1
D:3:      grunt_dithmenos_smoke_and_mirrors, nrook_mini_vaults,
          lemuel_tele_altar, uniq_jessica

Skill      XL: |  1  2  3  4 |
---------------+-------------+-----
Stealth        | 2 4 5 7 |  7.3
Fighting       | |  1.0
Short Blades   | |  1.0
Dodging        | |  2.0
Evocations     | |  3.2

Action                   |  1- 3 |  4- 6 || total
-------------------------+-------+-------++-------
Melee: Short sword       |    80 |    33 ||   113
       Constrict         |    27 |     7 ||    34
       Tentacles         |    18 |     2 ||    20
Evoke: Wand              |     1 |     3 ||     4
  Use: Potion            |       |     2 ||     2
 Stab: Sleeping          |     7 |     8 ||    15
  Eat: Chunk             |     1 |       ||     1
       Beef jerky        |       |     1 ||     1
Armor: Skin              |    12 |     2 ||    14
Dodge: Dodged            |    48 |    20 ||    68
